 Dungeon Crawl Stone Soup version 0.21.2-1-g0862bd23eb (webtiles) character file.

7352 MordorOrchid the Grappler (level 10, -1/89 HPs)
             Began as a Troll Necromancer on Dec 1, 2019.
             Was a Believer of Cheibriados.
             Slain by a troll (6 damage)
             ... on level 10 of the Dungeon.
             The game lasted 00:27:40 (6693 turns).

MordorOrchid the Grappler (Troll Necromancer)       Turns: 6693, Time: 00:27:41

Health: -1/89      AC:  7    Str: 23    XL:     10   Next: 91%
Magic:  3/15       EV: 13    Int: 19    God:    Cheibriados [**....]
Gold:   538        SH:  0    Dex: 15    Spells: 3/17 levels left

rFire    . . .     SeeInvis +     - Unarmed
rCold    . . .     Gourm    +   (no shield)
rNeg     . . .     Faith    .   a - +1 robe
rPois    .         Spirit   .   H - +1 hat
rElec    .         Reflect  .   (no cloak)
rCorr    .         Harm     .   (gloves unavailable)
MR       .....                  (boots unavailable)
Stlth    ++........             (no amulet)
HPRegen  0.64/turn              p - ring of see invisible
MPRegen  0.14/turn              (no ring)

@: confusing touch, very slow
A: large, unfitting armour, claws 3, fast metabolism 3, gourmand, regeneration
1, shaggy fur 1, tough skin 2
a: Bend Time, Renounce Religion


You were on level 10 of the Dungeon.
You worshipped Cheibriados.
Cheibriados was pleased with you.
You were very full.

You visited 2 branches of the dungeon, and saw 11 of its levels.
You also visited: Sewer.

You collected 538 gold pieces.

Inventory:

Hand Weapons
 e - the +3 quarterstaff of the Spider {pain, +Blink +Fly rC+ Str+3}
   (You took it off a centaur on level 7 of the Dungeon)

   In the hands of one skilled in necromantic magic, it inflicts extra damage on
   living creatures.
   It affects your strength (+3).
   It protects you from cold.
   It lets you fly.
   It lets you blink.
 y - a +5 falchion of freezing
Missiles
 i - 14 poisoned needles
 j - 5 javelins (quivered)
 r - 9 tomahawks
 v - 3 poisoned javelins
 z - 8 curare-tipped needles
 M - 3 large rocks
Armour
 a - a +1 robe (worn)
 H - a +1 hat (worn)
Jewellery
 p - a ring of see invisible (left claw)
Wands
 h - a wand of digging (19)
 u - a wand of flame (41)
 B - a wand of disintegration (8)
 C - a wand of enslavement (8)
 F - a wand of acid (11)
Scrolls
 d - 2 scrolls of remove curse
 f - 3 scrolls of enchant armour
 g - 7 scrolls of teleportation
 k - a scroll of immolation {unknown}
 l - a scroll of noise
 n - a scroll of amnesia
 s - a scroll of fear
 x - 3 scrolls of blinking
 D - 3 scrolls of vulnerability
 K - a scroll of fog
 L - a scroll of enchant weapon
Potions
 m - 2 potions of flight
 o - a potion of lignification
 q - a potion of cancellation {unknown}
 t - 3 potions of invisibility
 w - 4 potions of curing
 A - a potion of mutation
 E - a potion of brilliance {unknown}
 G - 2 potions of might
 J - a potion of magic {unknown}
Books
 b - a book of Necromancy

   Spells                             Type                      Level
   a - Pain                           Necromancy                   1
   b - Animate Skeleton               Necromancy                   1
   c - Vampiric Draining              Necromancy                   3
   d - Regeneration                   Charms/Necromancy            3
   e - Animate Dead                   Necromancy                   4
   f - Borgnjor's Vile Clutch         Necromancy/Earth             5
 I - a book of Misfortune

   Spells                             Type                      Level
   a - Confusing Touch                Hexes                        1
   b - Confuse                        Hexes                        3
   c - Gell's Gravitas                Translocation                3
   d - Petrify                        Transmutation/Earth          4
   e - Metabolic Englaciation         Hexes/Ice                    5
   f - Yara's Violent Unravelling     Hexes/Transmutation          5
Comestibles
 c - 28 rations
 N - a chunk of flesh


   Skills:
 * Level 2.8 Fighting
 * Level 5.6 Dodging
 - Level 1.0 Stealth
 + Level 11.0 Unarmed Combat
 - Level 4.0 Spellcasting
 * Level 0.7 Hexes
 - Level 1.0 Charms
 - Level 5.0 Necromancy
 * Level 2.0 Earth Magic
 * Level 2.9 Invocations
 * Level 3.0 Evocations


You had 3 spell levels left.
You knew the following spells:

 Your Spells              Type           Power        Failure   Level  Hunger
a - Pain                  Necr           ###.         1%          1    None
k - Regeneration          Chrm/Necr      ###.......   12%         3    ###....
u - Animate Skeleton      Necr           N/A          1%          1    None
v - Vampiric Draining     Necr           ###.......   4%          3    ###....
A - Confusing Touch       Hex            #.....       10%         1    None
E - Borgnjor's Vile Clut  Necr/Erth      ###.......   65%         5    ######.


Dungeon Overview and Level Annotations

Branches:
Dungeon (10/15)            Temple (1/1) D:7            Lair (0/6) D:8
    Orc: D:9-12

Altars:
Cheibriados
Dithmenos
Fedhas
Makhleb
Okawaru
Trog
Uskayaw
Vehumet
Xom
Yredelemnul
The Shining One


Innate Abilities, Weirdness & Mutations

You are too large for most types of armour.
You have claws for hands.
Your metabolism is lightning-fast.
You like to eat raw meat.
Your natural rate of healing is unusually fast.
You are covered in fur. (AC +1)
You have very tough skin. (AC +2)


Message History

Press: ? - help, Shift-Dir - straight line, f/p - troll
Aim: a troll (slow, chance to confuse on hit: 56%)
The troll is lightly wounded.
You feel life coursing into your body.
You scratch the troll but do no damage.
The troll is lightly wounded.
The troll bites you!
* * * LOW HITPOINT WARNING * * *
The troll claws you!
* * * LOW HITPOINT WARNING * * *
The troll closely misses you.
Casting: Vampiric Draining
Confirm with . or Enter, or press ? or * to list all spells.
Aiming: Vampiric Draining
Press: ? - help, Shift-Dir - straight line, f/p - troll
Aim: a troll (lightly wounded, slow, chance to confuse on hit: 56%)
The troll is moderately wounded.
You feel life coursing into your body. The troll barely misses you.
The troll claws you.
You die...

.........#
.........#
.........#
.........#
..(....#
#####.....#
.....(..T.#
........@.#
..........#
..........# #
######....###'###
. #....#..=
#.....# . #....#
. #...†.# .
#....# #.....# .
#....# #.....#
###....# #.....#


You could see a troll.

Vanquished Creatures
  Gastronok (D:9)
  An unseen horror (D:10)
  Pikel (D:7)
  2 hippogriffs (D:8)
  A human (D:8)
  4 hogs (D:8)
  A hungry ghost (D:8)
  3 orc warriors
  A slave (D:7)
  2 sky beasts (D:10)
  2 ogres
  An ice beast (D:6)
  A black bear (D:9)
  A necrophage (D:10)
  6 centaurs
  3 bullfrogs
  A scorpion (D:10)
  5 wights
  3 killer bees (D:9)
  4 crimson imps
  4 bullfrog zombies
  A quasit (D:9)
  5 hounds
  A centaur skeleton (D:8)
  A jelly (D:7)
  A bullfrog skeleton (D:4)
  A centaur zombie (D:8)
  3 orc priests
  13 orc wizards
  Jessica (D:2)
  2 iguanas
  5 worker ants
  A hound zombie (D:7)
  2 hound skeletons
  A howler monkey zombie (D:8)
  A worker ant zombie (D:7)
  5 adders
  3 shadow imps
  3 oozes
  An adder zombie (D:8)
  An adder skeleton (D:5)
  8 worms
  2 dart slugs (D:1)
  4 leopard geckos
  24 orcs
  13 bats
  12 giant cockroaches
  8 goblins
  8 hobgoblins
  20 jackals
  4 quokkas
  2 ball pythons
  6 frilled lizards
  4 kobolds
  A quokka zombie (D:6)
  4 rats
220 creatures vanquished.

Vanquished Creatures (collateral kills)
  A sky beast (D:6)
  A phantom (D:5)
  2 jellies
  A worker ant zombie (D:5)
  2 oozes (Sewer)
  3 leopard geckos
  A ball python (Sewer)
  4 bats (Sewer)
  A giant cockroach (D:3)
  2 jackals (D:9)
  A frilled lizard (D:5)
  A goblin (D:3)
  A rat (D:5)
21 creatures vanquished.

Vanquished Creatures (others)
  An orc wizard (D:4)
1 creature vanquished.

Grand Total: 242 creatures vanquished

Notes
Turn   | Place    | Note
-------+----------+-------------------------------------------
     0 | D:1      | MordorOrchid the Troll Necromancer began the quest for the Orb.
     0 | D:1      | Reached XP level 1. HP: 16/16 MP: 1/1
    36 | D:1      | Learned a level 1 spell: Animate Skeleton
   110 | D:1      | Reached skill level 1 in Unarmed Combat
   126 | D:1      | Reached XP level 2. HP: 12/26 MP: 2/2
   152 | D:1      | Reached skill level 1 in Fighting
   943 | D:2      | Reached XP level 3. HP: 33/33 MP: 3/3
   997 | D:2      | Reached skill level 2 in Unarmed Combat
  1247 | D:2      | Noticed Jessica
  1261 | D:2      | Killed Jessica
  1261 | D:2      | Reached skill level 3 in Unarmed Combat
  1261 | D:2      | Reached XP level 4. HP: 38/41 MP: 4/4
  1281 | D:2      | Learned a level 3 spell: Vampiric Draining
  1373 | D:2      | Found a shadowy altar of Dithmenos.
  1862 | D:3      | Found a blossoming altar of Fedhas.
  1979 | D:4      | Reached XP level 5. HP: 47/49 MP: 6/6
  2107 | D:4      | Noticed an ogre
  2118 | D:4      | Killed an ogre
  2118 | D:4      | Reached skill level 4 in Unarmed Combat
  2118 | D:4      | Reached XP level 6. HP: 48/57 MP: 3/7
  2139 | D:4      | Learned a level 3 spell: Regeneration
  2613 | D:5      | Entered Level 5 of the Dungeon
  2802 | D:5      | Reached XP level 7. HP: 7/65 MP: 7/9
  2825 | D:5      | Found a glowing drain.
  2839 | Sewer    | Entered a sewer
  2849 | Sewer    | Reached skill level 5 in Unarmed Combat
  3305 | D:5      | Found a shimmering altar of Xom.
  3306 | D:5      | Found a shimmering altar of Xom.
  3511 | D:5      | Reached skill level 1 in Charms
  3603 | D:5      | Found a burning altar of Makhleb.
  3613 | D:5      | Reached skill level 6 in Unarmed Combat
  3778 | D:6      | Reached XP level 8. HP: 61/72 MP: 10/10
  4110 | D:6      | Reached skill level 7 in Unarmed Combat
  4227 | D:7      | Found a staircase to the Ecumenical Temple.
  4292 | D:7      | Reached skill level 1 in Evocations
  4349 | D:7      | Reached skill level 8 in Unarmed Combat
  4352 | D:7      | HP: 3/72 [wight/spear (1)]
  4468 | D:7      | Got an uncursed jewelled quarterstaff {pain}
  4600 | Temple   | Entered the Ecumenical Temple
  4618 | Temple   | Became a worshipper of Cheibriados the Contemplative
  4661 | D:7      | Reached XP level 9. HP: 79/79 MP: 12/12
  4694 | D:7      | Noticed Pikel
  4714 | D:7      | Killed Pikel
  4714 | D:7      | Reached skill level 9 in Unarmed Combat
  4930 | D:8      | Found a bloodstained altar of Trog.
  5115 | D:8      | Reached * piety under Cheibriados
  5117 | D:8      | Reached skill level 1 in Invocations
  5291 | D:8      | Reached skill level 10 in Unarmed Combat
  5458 | D:8      | Found a staircase to the Lair.
  5490 | D:8      | Found a glowing golden altar of the Shining One.
  5653 | D:8      | Reached skill level 5 in Dodging
  5659 | D:8      | Reached XP level 10. HP: 47/87 MP: 6/14
  5756 | D:8      | Learned a level 5 spell: Borgnjor's Vile Clutch
  5809 | D:9      | Reached ** piety under Cheibriados
  5882 | D:9      | Noticed Gastronok
  5930 | D:9      | Killed Gastronok
  5930 | D:9      | Reached skill level 1 in Earth Magic
  5995 | D:9      | Learned a level 1 spell: Confusing Touch
  6131 | D:9      | Identified the +3 quarterstaff of the Spider {pain, +Blink +Fly rC+ Str+3} (You took it off a centaur on level 7 of the Dungeon)
  6487 | D:10     | Entered Level 10 of the Dungeon
  6559 | D:10     | Noticed an unseen horror
  6565 | D:10     | Killed an unseen horror
  6565 | D:10     | Reached skill level 11 in Unarmed Combat
  6565 | D:10     | Reached skill level 5 in Necromancy
  6692 | D:10     | HP: 1/89 [troll (7)]
  6693 | D:10     | Slain by a troll

Skill      XL: |  1  2  3  4  5  6  7  8  9 10 |
---------------+-------------------------------+-----
Unarmed Combat | 1 3 4 6 8 10 11 | 11.0
Fighting       | 1 2 |  2.8
Dodging        | 2 3 4 5 |  5.6
Spellcasting   | 2 3 4 |  4.0
Necromancy     | 4 5 |  5.0
Charms         | 1 |  1.0
Evocations     | 1 2 3 |  3.0
Invocations    | 1 2 |  2.9
Earth Magic    | 2 |  2.0
Stealth        | |  1.0
Hexes          | |  0.7

Action                   |  1- 3 |  4- 6 |  7- 9 | 10-12 || total
-------------------------+-------+-------+-------+-------++-------
Melee: Unarmed           |   104 |   177 |   374 |   114 ||   769
       Punch             |     1 |     2 |     8 |     3 ||    14
Throw: Javelin           |       |     2 |     2 |     3 ||     7
 Cast: Animate Skeleton  |    13 |    12 |    33 |    11 ||    69
       Pain              |     5 |     7 |    10 |     1 ||    23
       Regeneration      |       |       |     7 |     4 ||    11
       Vampiric Draining |       |       |     2 |     3 ||     5
       Confusing Touch   |       |       |       |     4 ||     4
Invok: Bend Time         |       |       |     1 |     1 ||     2
Evoke: Wand              |       |       |     5 |    11 ||    16
  Use: Scroll            |       |     6 |     9 |     4 ||    19
       Potion            |       |     5 |     2 |       ||     7
 Stab: Sleeping          |       |     2 |     1 |     2 ||     5
       Distracted        |       |       |     1 |     1 ||     2
       Invisible         |       |       |     3 |       ||     3
       Confused          |       |       |       |     1 ||     1
  Eat: Chunk             |    18 |    12 |    34 |     6 ||    70
Armor: Robe              |    25 |    55 |   101 |    31 ||   212
Dodge: Dodged            |    33 |   121 |   205 |    65 ||   424
